AoeStats
← miguelon01

Pilgrims

510143393Analyzed
4v4 RM · 2d ago on Sep 29, 2026· 61m 40s· 8 players
Game mode
Random Map
Map size
Large (8 player)
Population
200
Speed
Normal
Resources
Standard
Victory
Conquest
Starting age
Dark Age
Ending age
Imperial Age
RankedLock teamsTeams togetherTeam positionsShared explorationLock speedFull tech treeHidden civsTurbo modeCheats
Victory
Defeat
🇺🇸 Varangians · United States
1168
+15
🇩🇪 Bengalis · Germany
1153
+16
🇺🇸 Saxons · United States
1151
+16
🇨🇳 Japanese · China
1081
+19
🇺🇾 Saracens · Uruguay
1270
-20
🇧🇷 Sicilians · Brazil
1134
-16
🇮🇹 Vietnamese · Italy
1128
-16
🇺🇾 Mongols · Uruguay
1076
-14
Tikka Masala
8:47 Loom
11:52 Feudal Age
19:58 Castle Age
18:28 Double-Bit Axe
18:23 Horse Collar
38:22 Wheelbarrow
41:12 Hand Cart
43:45 Bow Saw
44:22 Fletching
45:29 Ballistics
44:48 Elite Skirmisher
45:26 Bodkin Arrow
46:11 Thumb Ring
45:48 Treadmill Crane
46:04 Gold Mining
46:48 Padded Archer Armor
51:22 Imperial Age
53:05 Chemistry
52:06 Bracer
52:21 Leather Archer Armor
51:30 Imperial Skirmisher
52:57 Fortified Wall
53:00 Masonry
54:22 Crossbowman
55:31 Murder Holes
56:45 Arbalester
57:32 Siege Engineers
Dale Lui
9:01 Loom
14:26 Feudal Age
19:34 Castle Age
23:39 Wheelbarrow
28:35 Scale Barding Armor
29:05 Forging
30:24 Bloodlines
33:00 Chain Barding Armor
33:16 Iron Casting
38:37 Imperial Age
38:11 Iron Casting
37:43 Husbandry
39:00 Elite Steppe Lancer
41:15 Blast Furnace
41:05 Gold Mining
51:16 Hand Cart
50:49 Double-Bit Axe
50:49 Horse Collar
52:52 Heavy Plow
53:06 Bow Saw
55:24 Fletching
EBERE
4:11 Loom
12:41 Feudal Age
16:24 Castle Age
35:53 Scale Barding Armor
42:00 Imperial Age
42:49 Elite Mameluke
48:04 Fletching
48:15 Padded Archer Armor
48:58 Bodkin Arrow
49:10 Thumb Ring
48:27 Crossbowman
49:30 Arbalester
49:34 Elite Skirmisher
52:27 Bracer
52:25 Gold Mining
52:16 Horse Collar
53:11 Leather Archer Armor
miguelon01
12:19 Feudal Age
12:52 Double-Bit Axe
14:49 Gold Mining
15:42 Horse Collar
17:04 Horse Collar
24:26 Castle Age
26:27 Heavy Plow
28:25 Loom
30:02 Stone Mining
31:39 Medium Warships
39:34 Fletching
48:27 Wheelbarrow
48:40 Bow Saw
52:45 Imperial Age
50:27 Forging
50:17 Scale Mail Armor
51:32 Scale Mail Armor
52:31 Chain Mail Armor
52:52 Iron Casting
52:54 Bodkin Arrow
Bubble Formation
7:54 Loom
11:51 Feudal Age
12:45 Double-Bit Axe
17:58 Horse Collar
24:32 Castle Age
25:50 Forging
25:41 Scale Mail Armor
26:29 Bow Saw
27:49 Iron Casting
27:29 Chain Mail Armor
27:54 Squires
31:36 Medium Warships
31:47 Medium Warships
39:48 Imperial Age
37:28 Gambesons
38:26 Heavy Plow
40:51 Fishing Lines
42:08 Gold Mining
45:43 Blast Furnace
45:14 Plate Mail Armor
46:05 Wheelbarrow
45:49 Gillnets
47:38 Hand Cart
49:26 Fletching
51:02 Elite Varangian Guard
52:21 Gothikon
rambo
3:15 Loom
12:17 Feudal Age
13:00 Gold Mining
13:03 Double-Bit Axe
17:24 Fishing Lines
22:42 Castle Age
24:38 Castle Age
32:11 Medium Warships
34:43 Bow Saw
36:15 Thumb Ring
37:31 Crossbowman
38:18 Padded Archer Armor
39:14 Wheelbarrow
40:01 Fletching
41:18 Hand Cart
41:37 Bodkin Arrow
41:57 Leather Archer Armor
42:50 Gold Shaft Mining
45:01 Ballistics
47:13 Forging
48:49 Iron Casting
48:15 Scale Mail Armor
48:16 Town Watch
49:40 Stone Mining
56:43 Imperial Age
59:15 Two-Man Saw
60:09 Conscription
60:33 Heavy Mounted Crossbowman
60:34 Cranequins
61:18 Elite Hearth Troop
macpinetree
6:41 Loom
13:24 Feudal Age
18:36 Castle Age
17:36 Double-Bit Axe
17:40 Town Watch
18:39 Stone Mining
22:47 Horse Collar
31:09 Bow Saw
35:30 Imperial Age
34:08 Padded Archer Armor
33:58 Fletching
35:22 Wheelbarrow
35:07 Heavy Plow
36:07 Ballistics
38:51 Conscription
38:34 Bodkin Arrow
38:56 Gold Mining
40:05 Bracer
40:21 Leather Archer Armor
41:12 Chemistry
41:46 Elite Elephant Archer
46:32 Mahayana
47:41 Husbandry
48:55 Elite Ratha (Ranged)
50:25 Hand Cart
50:33 Fortified Wall
50:36 Light Cavalry
51:26 Bloodlines
52:54 Scale Barding Armor
53:00 Forging
54:36 Chain Barding Armor
58:23 Paiks
59:12 Plate Barding Armor
59:12 Iron Casting
59:09 Ring Archer Armor
Chongyass
7:27 Loom
11:53 Feudal Age
14:29 Fletching
19:20 Castle Age
17:29 Double-Bit Axe
19:19 Gold Mining
19:47 Scale Mail Armor
19:57 Forging
30:29 Chain Mail Armor
33:43 Gold Shaft Mining
34:11 Chain Mail Armor
36:31 Imperial Age
35:58 Stone Mining
37:32 Iron Casting
38:58 Wheelbarrow
38:04 Capped Ram
43:19 Plate Mail Armor
43:50 Blast Furnace
42:13 Elite Samurai
43:15 Conscription
47:37 Pikeman
48:18 Squires
48:16 Halberdier
49:58 Murder Holes
50:24 Ballistics
51:31 Fortified Wall
53:53 Bow Saw
Connection lost

Rejoining the realm…

Still unreachable

The connection could not be restored.

Session expired

The server has moved on; the page needs a fresh start.